 Dungeon Crawl Stone Soup version 0.27.1-37-g7b29ead8ac (console) character file.

Game seed: 16684058581137827156

99493 grimtooth the Warrior (level 16, -3/176 HPs)
             Began as an Ogre Berserker on Apr 15, 2023.
             Was a High Priest of Trog.
             Slain by a skeletal warrior (8 damage)
             ... led by a skeletal warrior
             ... on level 14 of the Dungeon.
             The game lasted 02:12:48 (27447 turns).

grimtooth the Warrior (Ogre Berserker)             Turns: 27447, Time: 02:12:49

Health: -3/176     AC:  8    Str: 34    XL:     16   Next: 25%
Magic:  16/16      EV: 15    Int:  8    God:    Trog [*****.]
Gold:   1320       SH:  0    Dex: 14    Spells: 15/15 levels left

rFire    + + .     SeeInvis .   a - +2 war axe {vorpal, rF++ rCorr Dex+4}
rCold    . . .     Faith    .   (no shield)
rNeg     . . .     Spirit   .   C - +0 steam dragon scales
rPois    +         Reflect  .   (helmet restricted)
rElec    .         Harm     .   y - +2 cloak {rPois}
rCorr    +         Rampage  .   (gloves unavailable)
Will     +....                  (boots unavailable)
Stlth    +.........             t - amulet of regeneration
HPRegen  1.39/turn              q - +6 ring of strength
MPRegen  0.15/turn              (no ring)

@: no status effects
A: large, unfitting armour, tough skin 1, deformed body
a: Renounce Religion, Berserk, Trog's Hand, Brothers in Arms


You were on level 14 of the Dungeon.
You worshipped Trog.
Trog was extremely pleased with you.
You visited 3 branches of the dungeon, and saw 22 of its levels.
You also visited: Bailey and Volcano.

You collected 2170 gold pieces.
You spent 850 gold pieces at shops.

Inventory:

Hand Weapons
 a - the +2 war axe "Zaureese" (weapon) {vorpal, rF++ rCorr Dex+4}
   (You found it on level 8 of the Dungeon)

   It inflicts extra damage upon your enemies.
   Dex:       It affects your dexterity (+4).
   rF:        It greatly protects you from fire.
   rCorr:     It protects you from acid and corrosion.
 b - a +5 demon whip of venom
Missiles
 d - 24 stones
 f - 14 boomerangs (quivered)
 g - 10 large rocks
 n - 8 javelins
 r - 5 throwing nets {=f}
 s - 46 poisoned darts
 A - 4 datura-tipped darts
 T - 5 curare-tipped darts
Armour
 y - a +2 cloak of poison resistance (worn)
 C - +0 steam dragon scales (worn)
Jewellery
 q - a +6 ring of strength (left hand)
 t - an amulet of regeneration (around neck)
 G - the ring of Xom's Best Wishes {rC+ Dex+2 SInv}
   (You bought it in a shop on level 9 of the Dungeon)

   [ring of see invisible]

   Dex:       It affects your dexterity (+2).
   rC:        It protects you from cold.
   SInv:      It lets you see invisible.
Wands
 e - a wand of iceblast (15)
 k - a wand of flame (38)
 p - a wand of paralysis (13)
 z - a wand of mindburst (9)
 D - a wand of digging (5)
 Q - a wand of polymorph (18)
 R - a wand of acid (21)
 S - a wand of charming (27)
Scrolls
 c - 3 scrolls of blinking
 i - 5 scrolls of identify {@r4}
 v - a scroll of holy word
 w - a scroll of fog
 E - 3 scrolls of magic mapping
 J - 3 scrolls of fear
 L - 3 scrolls of teleportation
Potions
 h - 3 potions of ambrosia
 j - a potion of resistance
 l - 8 potions of curing
 m - 7 potions of haste
 o - a potion of flight
 u - a potion of heal wounds
 B - 3 potions of might
 I - 2 potions of berserk rage
 U - 2 potions of invisibility
Miscellaneous
 x - a tin of tremorstones (1/2)
 M - a phantom mirror
 N - a lightning rod (4/4)


   Skills:
 - Level 15.0 Fighting
 - Level 9.9(13.1) Axes
 + Level 12.9(13.9) Maces & Flails
 * Level 10.9 Throwing
 - Level 6.0 Armour
 * Level 11.1 Dodging
 - Level 9.0 Evocations


You had 15 spell levels left.
You didn't know any spells.
Your spell library was empty.

Dungeon Overview and Level Annotations

Branches:
Dungeon (14/15)            Temple (0/1) D:5            Lair (6/6) D:11
  Swamp (0/4) Lair:4       Spider (0/4) Lair:3        Slime (0/5) Lair:5
    Orc (2/2) D:10            Elf (0/3) Orc:2        Vaults (0/5) D:13
 Bailey (visited)         Volcano (visited)

Altars:
Cheibriados
Elyvilon
Nemelex Xobeh
Trog
Uskayaw
Vehumet
Xom
Zin
The Shining One
Beogh
Jiyva

Shops:
D:6 :[[(*   D:7 ?   D:9 ::*(   Orc:2 [*?:?

Annotations:
D:8 Erica
Lair:5 1 runed translucent door, exclusion: oklob plant, Twinkles's ghost, journeyman GnSu
Lair:6 3 runed translucent doors, hilljack's ghost, journeyman SpCj


Innate Abilities, Weirdness & Mutations

You are too large for most types of armour.
You have tough skin. (AC +1)
Armour fits poorly on your strangely shaped body.


Message History

Okay, then.
Throw: 10 javelins
Press: ? - help, Q - select action, (/) - cycle Shift-Dir - straight line, f - skeletal warrior
Aim: a skeletal warrior, wielding a +0 trident (71% to hit)
You throw a javelin.
The javelin completely misses the skeletal warrior.
The javelin pierces through the skeletal warrior!
The skeletal warrior is moderately damaged.
The javelin pierces through the skeletal warrior but does no damage.
The skeletal warrior hits you from afar with a +0 glaive!
Throw: 9 javelins
Press: ? - help, Q - select action, (/) - cycle Shift-Dir - straight line, f/p - skeletal warrior
Aim: a skeletal warrior, wielding a +0 trident (71% to hit)
You throw a javelin.
The javelin pierces through the skeletal warrior!
You destroy the skeletal warrior!
Trog accepts your kill.
The javelin pierces through the skeletal warrior!!
The skeletal warrior is heavily damaged.
The javelin pierces through the skeletal warrior!
The skeletal warrior is moderately damaged.
The skeletal warrior closely misses you.
Press: ? - help, v - describe, . - travel
Here: a skeletal warrior, wielding a +0 trident (moderately damaged)
The floor.
The skeletal warrior hits you from afar with a +0 glaive!!
The skeletal warrior hits you from afar with a +0 glaive!!
* * * LOW HITPOINT WARNING * * *
Press: ? - help, v - describe, . - travel
Here: a skeletal warrior, wielding a +0 glaive (heavily damaged)
The floor.
The skeletal warrior hits you from afar with a +0 glaive!
* * * LOW HITPOINT WARNING * * *
Press: ? - help, v - describe, . - travel
Here: a skeletal warrior, wielding a +0 trident (lightly damaged)
The floor.
The skeletal warrior hits you from afar with a +0 trident!!
* * * LOW HITPOINT WARNING * * *
The skeletal warrior hits you from afar with a +0 glaive!
You die...

#.............# #............
#.............#####............
#...............(..............
#########......(...#######.....
#..........# #.....
#..........# #.....
#..........# #.....
#.)........# #.....
#.).zz.....#######..^^.
#..z...................
####.....@.........)......
#.########.........####### #.#
#.........# #.# #.........# #.#
#.<.......# #÷# #.........# #.#
#.>.......#
#.########.........#
######........(.........###
#.........................#
#......########..##########


You could see 3 skeletal warriors.

Vanquished Creatures
  An ironbound preserver (D:13)
  An ettin (Orc:1)
  A fire dragon (Lair:6)
  Harold (D:10)
  4 hydras
  A boulder beetle (D:12)
  2 catoblepae
  An ogre mage (D:14)
  5 centaur warriors
  8 two-headed ogres
  A death knight (D:11)
  An orc high priest (Orc:1)
  Nergalle (D:10)
  A tengu warrior (D:13)
  4 skeletal warriors
  A swamp dragon (Lair:6)
  9 orc knights
  A deep elf pyromancer (D:12)
  Pikel (D:6)
  An orb spider (Lair:3)
  2 lindwurms
  8 ugly things
  A manticore (D:12)
  An orc sorcerer (Orc:2)
  2 cyclopes (D:14)
  34 elephants
  7 cane toads
  3 gargoyles
  5 black mambas
  3 rime drakes
  A torpor snail (Lair:4)
  A freezing wraith (D:14)
  11 komodo dragons
  A tengu conjurer (D:14)
  An unseen horror (D:12)
  5 trolls
  A jumping spider (shapeshifter) (D:13)
  13 polar bears
  Prince Ribbit (D:6)
  A hornet (D:9)
  3 meliai (D:13)
  5 dream sheep
  6 slime creatures
  12 blink frogs
  Sigmund (D:5)
  2 shadows
  5 basilisks
  4 wraiths
  2 wyverns (D:11)
  65 yaks
  3 fire elementals (Volcano)
  2 steam dragons
  7 vampire mosquitoes
  10 wargs
  2 swamp worms (Lair:4)
  14 water moccasins
  17 hell hounds (Lair:6)
  6 acid dragons
  Duvessa (D:6)
  A swamp drake (Lair:6)
  35 orc warriors
  2 sky beasts
  12 black bears
  A necrophage (D:7)
  5 ogres
  4 boggarts (D:14)
  19 wolves
  10 centaurs
  3 lemures
  2 phantoms
  4 kobold brigands
  8 bullfrogs
  5 gnoll sergeants (D:10)
  An earth elemental (Volcano)
  4 scorpions
  Dowan (D:6)
  A water moccasin zombie (D:5)
  A wyvern skeleton (D:5)
  14 killer bees
  3 vampire bats (D:14)
  3 wights (D:9)
  4 howler monkeys
  An electric eel (D:6)
  2 bullfrog zombies
  3 centaur zombies
  2 hounds
  7 jellies
  2 bullfrog skeletons (D:5)
  A gnoll shaman (D:10)
  5 orc priests
  2 centaur skeletons (D:5)
  10 iguanas
  7 orc wizards
  11 hell rats
  A killer bee zombie (D:5)
  2 hound zombies (D:5)
  3 howler monkey zombies
  Robin (D:2)
  12 gnolls
  7 adders
  5 river rats (Lair:6)
  A shadow imp (D:7)
  4 white imps
  2 adder skeletons
  An adder zombie (D:5)
  A worm (D:3)
  2 dart slugs (D:3)
  89 orcs
  7 ball pythons
  11 bats
  12 endoplasms
  19 goblins
  7 hobgoblins
  7 jackals
  3 quokkas
  2 frilled lizards (D:3)
  17 kobolds
  16 rats
743 creatures vanquished.

Vanquished Creatures (collateral kills)
  A polar bear (Lair:6)
  6 orc warriors (Orc:2)
  4 orcs (Orc:2)
11 creatures vanquished.

Vanquished Creatures (others)
  A wolf spider (Lair:6)
  A basilisk (Lair:6)
  2 wolves (Lair:5)
  2 bushes (D:11)
  31 fungi
  167 plants
  4 withered plants (D:5)
208 creatures vanquished.

Grand Total: 962 creatures vanquished

Notes
Turn   | Place    | Note
-------+----------+-------------------------------------------
     0 | D:1      | grimtooth the Ogre Berserker began the quest for the Orb.
     0 | D:1      | Reached XP level 1. HP: 24/24 MP: 1/1
   172 | D:1      | Reached XP level 2. HP: 30/32 MP: 2/2
   569 | D:1      | Reached XP level 3. HP: 40/40 MP: 3/3
   579 | D:1      | Reached ** piety under Trog
  1027 | D:1      | Found a faded altar of an unknown god.
  1389 | D:2      | Noticed Robin
  1438 | D:2      | Killed Robin
  1439 | D:2      | Reached XP level 4. HP: 31/49 MP: 4/4
  1459 | D:2      | Reached skill level 5 in Fighting
  2631 | D:3      | Reached XP level 5. HP: 57/57 MP: 5/5
  2753 | D:3      | Reached *** piety under Trog
  2781 | D:3      | Reached skill level 5 in Axes
  3514 | D:4      | Found a glowing golden altar of the Shining One.
  3557 | D:4      | Reached skill level 6 in Fighting
  3557 | D:4      | Reached XP level 6. HP: 67/67 MP: 6/6
  4524 | D:5      | Entered Level 5 of the Dungeon
  4601 | D:5      | Found a staircase to the Ecumenical Temple.
  4629 | D:5      | Reached skill level 7 in Fighting
  4629 | D:5      | Reached skill level 1 in Maces & Flails
  4629 | D:5      | Reached XP level 7. HP: 75/78 MP: 7/7
  5068 | D:5      | Reached **** piety under Trog
  5170 | D:5      | Noticed Sigmund
  5184 | D:5      | Killed Sigmund
  5185 | D:5      | Reached skill level 8 in Fighting
  5185 | D:5      | Reached XP level 8. HP: 88/88 MP: 8/8
  5410 | D:5      | Identified the +3 leather armour "Xoubbonu" {Int+2 Dex+6}
  5764 | D:6      | Found Zetraz's Book Shoppe.
  5871 | D:6      | Noticed Prince Ribbit
  6010 | D:6      | Found Irutonos's General Store.
  6018 | D:6      | Reached skill level 9 in Fighting
  6026 | D:6      | Bought a scroll of identify for 24 gold pieces
  6081 | D:6      | Reached skill level 1 in Throwing
  6170 | D:6      | Reached skill level 5 in Maces & Flails
  6217 | D:6      | Killed Prince Ribbit
  6336 | D:6      | Noticed Duvessa
  6336 | D:6      | Noticed Dowan
  6355 | D:6      | Killed Duvessa
  6356 | D:6      | Reached XP level 9. HP: 59/98 MP: 9/9
  6375 | D:6      | Killed Dowan
  6570 | D:6      | Found Inuudonicsa's Antique Armour Boutique.
  6636 | D:6      | Noticed Pikel
  6648 | D:6      | Killed Pikel
  6649 | D:6      | Reached skill level 5 in Dodging
  6896 | D:6      | Found Wotem's Armour Emporium.
  7334 | D:6      | Found Warisafe's Antique Weapon Shoppe.
  7567 | D:7      | Reached skill level 5 in Throwing
  7576 | D:7      | Reached XP level 10. HP: 72/107 MP: 10/10
  8132 | D:7      | Found Feeg's Magic Scroll Shop.
  8140 | D:7      | Bought a scroll of identify for 22 gold pieces
  8140 | D:7      | Bought a scroll of identify for 22 gold pieces
  8140 | D:7      | Bought a scroll of identify for 22 gold pieces
  8319 | D:8      | Noticed Erica
  8636 | D:8      | Identified the amulet of Pynur {Acrobat Str+3}
  9179 | D:8      | Identified the +2 war axe "Zaureese" {vorpal, rF++ rCorr
                  | Dex+4}
  9326 | D:9      | Found Herchusus's Book Emporium.
  9330 | D:9      | Found Zadekuil's Antique Weapon Shop.
  9330 | D:9      | Found Guwoiwka's General Store.
  9330 | D:9      | Found Lamolir's Book Emporium.
  9551 | D:9      | Identified the +2 leather armour of Greed {Str+6 Dex-4}
  9555 | D:9      | Found a flagged portal.
  9583 | Bailey   | Entered a bailey
  9584 | Bailey   | - crossbows
  9959 | Bailey   | Noticed an orc knight
  9994 | Bailey   | Killed an orc knight
  9995 | Bailey   | Reached skill level 10 in Fighting
 10124 | Bailey   | Reached XP level 11. HP: 119/119 MP: 11/11
 10231 | D:9      | Reached ***** piety under Trog
 10378 | D:9      | Found a snail-covered altar of Cheibriados.
 10382 | D:9      | Found a glowing silver altar of Zin.
 10382 | D:9      | Found a hide-covered altar of Uskayaw.
 10384 | D:9      | Found a radiant altar of Vehumet.
 10385 | D:9      | Found a sparkling altar of Nemelex Xobeh.
 10387 | D:9      | Found a bloodstained altar of Trog.
 10471 | D:9      | Found a viscous altar of Jiyva.
 10509 | D:9      | Noticed a red ugly thing
 10541 | D:9      | Killed a red ugly thing
 10747 | D:9      | Reached skill level 11 in Fighting
 10747 | D:9      | Reached XP level 12. HP: 124/130 MP: 12/12
 10825 | D:9      | Bought a scroll of identify for 24 gold pieces
 10935 | D:9      | Noticed a two-headed ogre
 10939 | D:9      | Killed a two-headed ogre
 11396 | D:10     | Entered Level 10 of the Dungeon
 11545 | D:10     | Noticed Harold
 11562 | D:10     | Killed Harold
 11875 | D:10     | Found a white marble altar of Elyvilon.
 11877 | D:10     | Noticed Nergalle
 12104 | D:10     | Killed Nergalle
 12105 | D:10     | Reached skill level 12 in Fighting
 12105 | D:10     | Reached skill level 10 in Maces & Flails
 12181 | D:10     | Found a staircase to the Orcish Mines.
 12632 | D:11     | Noticed a two-headed ogre
 12653 | D:11     | Killed a two-headed ogre
 12880 | D:11     | Found a staircase to the Lair.
 12993 | D:11     | Received a gift from Trog
 13003 | D:11     | Reached skill level 13 in Fighting
 13010 | D:11     | Reached XP level 13. HP: 127/144 MP: 13/13
 13167 | D:11     | Reached skill level 14 in Fighting
 13780 | Lair:1   | Entered Level 1 of the Lair of Beasts
 14730 | Lair:2   | You fall into a shaft and drop 1 floor!
 14797 | Lair:3   | Noticed Sonja
 14799 | Lair:3   | Noticed Sonja
 14799 | Lair:3   | Sonja changed into Sonja the sky beast
 14808 | Lair:3   | Killed Sonja the sky beast
 14904 | Lair:3   | Found a dark tunnel.
 14950 | Volcano  | Entered a volcano
 14956 | Volcano  | Reached skill level 5 in Armour
 15141 | Lair:3   | Found a hole to the Spider Nest.
 15638 | Lair:2   | Reached skill level 15 in Fighting
 17116 | Lair:4   | Reached XP level 14. HP: 151/159 MP: 14/14
 17319 | Lair:4   | Found a staircase to the Swamp.
 18161 | Lair:5   | Received a gift from Trog
 18499 | Lair:5   | Found a staircase to the Slime Pits.
 18666 | Lair:5   | Found a runed translucent door.
 18667 | Lair:5   | Found a shimmering altar of Xom.
 18667 | Lair:5   | Noticed Twinkles's ghost (journeyman GnSu)
 18992 | Lair:6   | Entered Level 6 of the Lair of Beasts
 19159 | Lair:6   | Found a runed translucent gate.
 19159 | Lair:6   | Found a runed translucent gate.
 19159 | Lair:6   | Found a runed translucent gate.
 19215 | Lair:6   | Noticed hilljack's ghost (journeyman SpCj)
 19544 | Lair:6   | Received a gift from Trog
 20361 | Lair:6   | Reached XP level 15. HP: 154/167 MP: 15/15
 20728 | Lair:6   | Reached ****** piety under Trog
 21093 | Lair:6   | Received a gift from Trog
 21378 | Lair:6   | Found the +5 robe of Misfortune {Contam Harm *Corrode Drain
                  | *Slow EV+5}
 21827 | Orc:1    | Entered Level 1 of the Orcish Mines
 22085 | Orc:2    | Entered Level 2 of the Orcish Mines
 22183 | Orc:2    | Found a staircase to the Elven Halls.
 22236 | Orc:2    | Noticed Urug
 22242 | Orc:2    | Noticed Urug
 22242 | Orc:2    | Urug changed into Urug the black mamba
 22251 | Orc:2    | Killed Urug the black mamba
 22468 | Orc:1    | Gained mutation: Armour fits poorly on your strangely
                  | shaped body. [a neqoxec]
 22981 | Orc:2    | Received a gift from Trog
 23139 | Orc:2    | Found Baheasown's Magic Scroll Shop.
 23140 | Orc:2    | Found Caig's Book Shoppe.
 23142 | Orc:2    | Found Uwkiph's Magic Scroll Shoppe.
 23257 | Orc:1    | Reached skill level 10 in Dodging
 23501 | Orc:2    | Found Topoupiz's Armour Shop.
 23501 | Orc:2    | Found Onoava's General Store.
 23791 | D:6      | Bought 3 boomerangs for 18 gold pieces
 23791 | D:6      | Bought a wand of acid (4) for 192 gold pieces
 23841 | D:7      | Bought a scroll of fear for 38 gold pieces
 23913 | D:9      | Bought the ring of Xom's Best Wishes {rC+ Dex+2 SInv} for
                  | 398 gold pieces
 23913 | D:9      | Bought a scroll of blinking for 90 gold pieces
 24114 | D:12     | Identified the +9 quarterstaff of the Fray {spect, rN+
                  | Int+3}
 24989 | D:13     | Received a gift from Trog
 24990 | D:13     | Reached skill level 10 in Throwing
 25027 | D:13     | Identified the +6 long sword "Kelig" {vorpal, Str+2 Stlth+}
 25413 | D:13     | Found a gate to the Vaults.
 26022 | D:13     | Reached XP level 16. HP: 107/176 MP: 16/16
 26093 | D:13     | Identified the +3 leather armour of the Thirsty Knives
                  | {rPois rC+ rCorr}
 27385 | D:14     | HP: 2/176 [two-headed ogre (7)]
 27447 | D:14     | HP: 5/176 [skeletal warrior[a skeletal warrior] (24)]
 27447 | D:14     | Slain by a skeletal warrior

Illustrated notes

##########
#∩........
#.@.......
#.........
#.........
#.........
#.........
#......≈≈≈
#......≈≈#
#......≈##


Turn 9584 on Bailey: - crossbows

Levels and vault maps discovered:
D:1:      saegor_arrival_simple_e, layout_loops_ring,
          shapermc_ecumenical_altar_hornbeckon, minmay_hexomino_f4
D:2:      layout_loops_ring, uniq_robin
D:3:      layout_loops_ring
D:4:      layout_layer_cave, mainiacjoe_overflow_catwalk
D:5:      layout_loops_corners, minmay_temple_entry_overgrown, serial_undead,
          serial_undead_d, serial_undead_f, serial_undead_a, serial_undead_b,
          uniq_sigmund
D:6:      layout_basic, serial_shops, nicolae_shop_stone, nicolae_stop_n_shop_1,
          nicolae_square_shop, shop_fountains, shop, serial_bayou_lagoon_a,
          uniq_prince_ribbit1, uniq_duvessa, uniq_pikel
D:7:      layout_loops_cross, serial_shops, nicolae_shop_crystal
D:8:      layout_rooms, mainiacjoe_overflow_catch_the_wave, st_stairs_12,
          hangedman_decor_growths, uniq_erica
D:9:      layout_grid_maze, minitemple, enter_bailey_5,
          nicolae_wooded_promenade, minmay_misc_feat_encased, jiyva_altar_1
D:10:     layout_rooms, mainiacjoe_overflow_small_starburst,
          kennysheep_orc_monster_closet_entryway, serial_park_tiny_1,
          dk_vineyard_2, uniq_nergalle, uniq_harold
D:11:     layout_cave_pods, minmay_lair_entry_grove
D:12:     layout_irregular_city
D:13:     layout_loops_corners, skrybe_vaults_entry_preservation
D:14:     layout_small_grid, roderic_batcave, minmay_diced_spiral
Lair:1:   layout_gridlike
Lair:2:   layout_roguey, st_stairs_4, cheibrodos_lair_lostbears
Lair:3:   layout_chaotic_city, nicolae_spider_entry_orb_guardian,
          nicolae_volcano_entry_vermiform, serial_rivers,
          chequers_serial_rivers_small_b, chequers_serial_rivers_small_3,
          chequers_serial_rivers_small_3, chequers_serial_rivers_marsh,
          small_statue_intersection, chequers_serial_rivers_marsh, uniq_sonja
Lair:4:   layout_regular_city, minmay_swamp_entry_worms
Lair:5:   minmay_lair_oklob_tunnel, layout_misc_corridors,
          nicolae_slime_entry_slimehenge, ebering_ghost_xom
Lair:6:   hangedman_lair_caniforms_friends, layout_gridlike,
          guppyfry_lair_end_dragon, ebering_ghost_rock_garden,
          chequers_serial_rivers_small_b, st_stairs_3,
          kennysheep_abandoned_house
Orc:1:    layout_caves
Orc:2:    st_orc_town, layout_caves, serial_shops, shop_fountains, uniq_urug

Skill      XL: |  1  2  3  4  5  6  7  8  9 10 11 12 13 14 15 16 |
---------------+-------------------------------------------------+-----
Axes           | 4 5 6 7 9 |  9.9
Fighting       | 5 6 7 8 9 10 11 13 15 | 15.0
Maces & Flails | 1 4 5 7 8 11 12 | 12.9
Throwing       | 2 5 6 9 10 | 10.9
Dodging        | 4 6 9 10 11 | 11.1
Armour         | 4 6 |  6.0
Evocations     | 6 9 |  9.0

Action                   |  1- 3 |  4- 6 |  7- 9 | 10-12 | 13-15 | 16-18 || total
-------------------------+-------+-------+-------+-------+-------+-------++-------
Melee: Hand axe          |    95 |   295 |   453 |   191 |       |       ||  1034
       Demon whip        |       |       |       |   387 |  1152 |   106 ||  1645
       War axe           |       |       |       |    12 |   300 |    29 ||   341
Throw: Stone             |    32 |    43 |    63 |    89 |   100 |    14 ||   341
       Dart              |       |     3 |    22 |    17 |    10 |       ||    52
       Javelin           |       |       |     4 |     5 |    11 |     2 ||    22
       Throwing net      |       |       |     1 |       |       |       ||     1
       Large rock        |       |       |       |       |     2 |       ||     2
       Boomerang         |       |       |       |       |    11 |     4 ||    15
Invok: Trog's Hand       |       |     1 |     1 |     1 |     5 |     1 ||     9
       Berserk           |       |       |       |     1 |     1 |       ||     2
       Brothers in Arms  |       |       |       |       |     2 |     1 ||     3
Evoke: Wand              |       |       |     5 |    11 |    17 |     4 ||    37
       Tin of tremorston |       |       |       |       |       |     1 ||     1
  Use: Scroll            |       |       |     8 |    11 |     6 |     4 ||    29
       Potion            |       |       |       |     1 |     4 |     2 ||     7
 Stab: Held in net/web   |       |       |     1 |       |       |       ||     1
       Paralysed         |       |       |       |     1 |       |     3 ||     4
       Petrified         |       |       |       |       |     5 |       ||     5
       Petrifying        |       |       |       |       |     1 |       ||     1
       Sleeping          |       |       |       |       |     1 |       ||     1
Armor: Animal skin       |    30 |    90 |       |       |       |       ||   120
       Robe              |       |    10 |   124 |     8 |       |       ||   142
       Steam dragon scal |       |       |       |   220 |   414 |    35 ||   669
Dodge: Dodged            |    43 |   160 |   185 |   337 |   732 |    65 ||  1522
